 Dungeon Crawl Stone Soup version 0.24.1-14-gf8d2b509d9 (webtiles) character file.

Game seed: 13607048947211623378, levelgen mode: deterministic

50 Hugehornet the Sneak (level 3, -2/23 HPs)
             Began as an Octopode Transmuter on May 17, 2020.
             Slain by a goblin (4 damage)
             ... led by Robin
             ... on level 2 of the Dungeon.
             The game lasted 00:01:50 (1500 turns).

Hugehornet the Sneak (Octopode Transmuter)          Turns: 1500, Time: 00:01:51

Health: -2/23      AC:  1    Str:  9    XL:     3   Next: 79%
Magic:  6/6        EV: 13    Int: 16    God:
Gold:   107        SH:  0    Dex: 12    Spells: 5/6 levels left

rFire    . . .     SeeInvis .     - Unarmed
rCold    . . .     Gourm    .   (no shield)
rNeg     . . .     Faith    .   (helmet restricted)
rPois    .         Spirit   .   (no amulet)
rElec    .         Reflect  .   (no ring)
rCorr    .         Harm     .   (no ring)
MR       .....                  (no ring)
Stlth    +++.......             (no ring)
HPRegen  0.07/turn              (no ring)
MPRegen  0.10/turn              (no ring)
                                (no ring)
                                (no ring)

@: no status effects
A: almost no armour, stealthy swim, amphibious, 8 rings, constrict 8, camouflage
1, gelatinous body 1
a: no special abilities


You were on level 2 of the Dungeon.
You were not hungry.

You visited 1 branch of the dungeon, and saw 2 of its levels.

You collected 107 gold pieces.

Inventory:

Missiles
 a - 42 arrows
Scrolls
 d - a scroll of blinking {unknown}
 e - a scroll of identify {unknown}
 f - a scroll of enchant armour {unknown}
 g - a scroll of random uselessness {unknown}
 h - a scroll of teleportation {unknown}
 j - a scroll of remove curse {unknown}
Potions
 b - a potion of haste {unknown}
Comestibles
 c - 2 rations


   Skills:
 - Level 1.0 Fighting
 - Level 2.0 Dodging
 + Level 3.2 Stealth
 - Level 3.0 Unarmed Combat
 - Level 2.3 Spellcasting
 - Level 2.8 Transmutations


You had 5 spell levels left.
You knew the following spells:

 Your Spells              Type           Power        Failure   Level  Hunger
a - Beastly Appendage     Tmut           ##....       6%          1    #......

Your spell library contained the following spells:

 Spells                   Type           Power        Failure   Level  Hunger
 Sticks to Snakes         Tmut           ##......     10%         2    ###....
 Spider Form              Tmut/Pois      #.........   32%         3    ###....
 Ice Form                 Ice/Tmut       #.......     73%         4    #####..
 Blade Hands              Tmut           ##........   86%         5    ######.


Dungeon Overview and Level Annotations

Branches:
Dungeon (2/15)

Altars:


Innate Abilities, Weirdness & Mutations

You cannot wear most types of armour.
You are very stealthy in the water. (Stealth+)
You are amphibious.
You can wear up to eight rings at the same time.
You can use your tentacles to constrict eight enemies at once.
Your skin changes colour to match your surroundings (Stealth+).
Your rubbery body absorbs attacks. (AC +1, EV +1)


Message History

Your Stealth skill increases to level 3!
You need to enable at least one skill for training.
The hobgoblin hits you but does no damage.
The goblin hits you with a +0 dagger.
* * * LOW HITPOINT WARNING * * *
The goblin barely misses you.
Your tentacle spike disappears.
The goblin barely misses you.
You see here a kobold corpse.
A hobgoblin comes into view. It is wielding a +0 club.
The goblin closely misses you.
You see here a stone.
A dart slug comes into view.
A hobgoblin comes into view. It is wielding a +0 club.
The goblin hits you but does no damage. The goblin barely misses you.
There is a stone staircase leading up here.
The goblin closely misses you. The hobgoblin hits you with a +0 club.
* * * LOW HITPOINT WARNING * * *
The goblin closely misses you. The goblin hits you.
You die...

... .....# #.##.###
#.##...##### ####
###....# ....#
....##....$.##....
........gg..#g.#
......).@gg).[##
.......$gg.†..w#
........g.g...#.#
.....()..g...)#
..............g..g..
....................
............#.......
....##.....##.......
#### ####### .......


You could see a dart slug, 6 hobgoblins and 5 goblins.

Vanquished Creatures
  Robin (D:2)
  A dart slug (D:1)
  6 bats (D:1)
  A giant cockroach (D:1)
  5 goblins
  6 hobgoblins
  7 kobolds
  3 frilled lizards
  4 rats (D:1)
34 creatures vanquished.

Notes
Turn   | Place    | Note
-------+----------+-------------------------------------------
     0 | D:1      | Hugehornet the Octopode Transmuter began the quest for the
                  | Orb.
     0 | D:1      | Reached XP level 1. HP: 13/13 MP: 3/3
   172 | D:1      | Reached XP level 2. HP: 12/18 MP: 3/5
   907 | D:1      | Reached skill level 1 in Stealth
   938 | D:1      | Reached XP level 3. HP: 21/23 MP: 4/6
  1483 | D:2      | Noticed Robin
  1493 | D:2      | Killed Robin
  1500 | D:2      | Slain by a goblin

Levels and vault maps discovered:
D:1:      enne_arrival_octagon_isle, layout_basic
D:2:      layout_rooms, first_ration, minmay_tripent, uniq_robin

Skill      XL: |  1  2  3 |
---------------+----------+-----
Stealth        | 1 3 |  3.2
Fighting       | |  1.0
Dodging        | |  2.0
Unarmed Combat | |  3.0
Spellcasting   | |  2.3
Transmutations | |  2.8

Action                   || total
-------------------------++-------
Melee: Unarmed           ||    72
       Constrict         ||    22
       Kick              ||    13
       Tentacles         ||     9
       Punch             ||     3
 Cast: Beastly Appendage ||    21
 Stab: Sleeping          ||     9
  Eat: Chunk             ||     2
Armor: Skin              ||     7
Dodge: Dodged            ||    64
